 Dungeon Crawl Stone Soup version 0.28-a0-1356-g2ad6d04315 (webtiles) character file.

Game seed: 3891021725510204176

4163 mtoz the Fighter (level 10, -21/136 HPs)
             Began as a Minotaur Berserker on Dec 31, 2021.
             Was a Priest of Trog.
             Demolished by an orc knight (28 damage)
             ... in a bailey.
             The game lasted 01:04:02 (8021 turns).

mtoz the Fighter (Minotaur Berserker)               Turns: 8021, Time: 01:04:02

Health: -21/136    AC: 16    Str: 26    XL:     10   Next: 7%
Magic:  18/18      EV: 11    Int:  4    God:    Trog [***...]
Gold:   315        SH:  0    Dex: 10    Spells: 9/9 levels left

rFire   . . .      SeeInvis .   n - +0 war axe (vorpal)
rCold   . . .      Faith    .   (no shield)
rNeg    . . .      Spirit   .   b - +0 chain mail
rPois   .          Reflect  .   (helmet restricted)
rElec   .          Harm     .   t - +1 cloak
rCorr   .          Rampage  .   r - +0 pair of gloves
Will    .....                   h - +0 pair of boots
Stlth   ..........              D - amulet of regeneration
HPRegen 1.12/turn               B - ring of magical power
MPRegen 0.16/turn               (no ring)

@: berserking (expiring), very quick
A: horns 2, retaliatory headbutt
a: Renounce Religion, Berserk, Trog's Hand


You were in a bailey.
You worshipped Trog.
Trog was most pleased with you.
You visited 2 branches of the dungeon, and saw 9 of its levels.
You also visited: Bailey.

You collected 315 gold pieces.

Inventory:

Hand Weapons
 n - a +0 vorpal war axe (weapon)
 E - a +2 flail of protection
Armour
 b - a +0 chain mail (worn)
 h - a +0 pair of boots (worn)
 r - a +0 pair of gloves (worn)
 t - a +1 cloak (worn)
Jewellery
 B - a ring of magical power (left hand)
 D - an amulet of regeneration (around neck)
Scrolls
 a - a scroll of holy word
 i - 2 scrolls of fog
 l - 4 scrolls of identify
 o - 4 scrolls of teleportation
 y - a scroll of magic mapping
Potions
 g - 2 potions of invisibility
 p - 5 potions of curing


   Skills:
 + Level 9.5 Fighting
 + Level 9.5 Axes
 + Level 9.1 Armour
 + Level 8.3 Dodging


You had 9 spell levels left.
You didn't know any spells.
Your spell library was empty.

Dungeon Overview and Level Annotations

Branches:
Dungeon (8/15)             Temple (1/1) D:7            Lair (0/6) D:8
 Bailey (1/1)

Altars:
Ashenzari
Cheibriados
Dithmenos
Elyvilon
Fedhas
Gozag
Hepliaklqana
Kikubaaqudgha
Makhleb
Okawaru
Qazlal
Ru
Sif Muna
Trog
Uskayaw
Vehumet
Wu Jian
Xom
Yredelemnul
Zin
The Shining One
Beogh
Lugonu

Shops:
D:2 :

Portals:
Abyss: D:3


Innate Abilities, Weirdness & Mutations

You have a pair of horns on your head.
You reflexively headbutt those who attack you in melee.


Message History

There is an open door, spattered with blood here.
Things that are here:
a +0 hand axe; a +0 leather armour You slash the orc knight!
You headbutt the orc knight!!
The orc knight is heavily wounded.
You slash the orc warrior! You barely miss the orc knight.
The orc warrior barely misses you.
The orc knight hits you with a +0 war axe!
You hit the orc knight but do no damage.
The orc knight is heavily wounded.
You closely miss the orc knight. You slash the orc warrior!
The orc knight hits you with a +0 war axe!
You hit the orc knight but do no damage.
The orc knight is heavily wounded.
You slash the orc knight!
You kill the orc knight!
Trog accepts your kill.
You closely miss the orc warrior.
The orc warrior hits you with a +0 hand axe!
The orc knight hits you with a +0 war axe!!
* * * LOW HITPOINT WARNING * * *
Your Armour skill increases to level 9!
You have reached level 10!
You slash the orc knight!
The orc knight is heavily wounded.
You slash the orc warrior!
The orc warrior hits you with a +0 hand axe.
* * * LOW HITPOINT WARNING * * *
You hit the orc knight.
The orc knight is severely wounded.
You slash the orc warrior!
You kill the orc warrior!
Trog accepts your kill.
The orc knight hits you with a +0 war axe!!
* * * LOW HITPOINT WARNING * * *
You barely miss the orc knight. You headbutt the orc knight.
The orc knight is severely wounded.
You hit the goblin.
The orc knight hits you with a +0 war axe!!
You die...

#!?∩?? ??...!
#...... .......
....... #######
....⌠..
##.....##g......
#.......@oo.....
##......)##......
#.........# .....
##.........##
8.88
#.....⌠.....# +##
##.........##
#.........#
##.......##
#.......#


You could see an orc knight (strong), an orc warrior (strong) and a goblin.

Vanquished Creatures
  An orc knight (Bailey)
  A wyvern (D:8)
  6 yaks
  2 basilisks (D:8)
  Edmund (D:6)
  3 orc warriors (Bailey)
  An ice beast (D:6)
  2 sky beasts
  A black bear (D:6)
  4 necrophages
  2 ogres
  A bullfrog (D:8)
  A kobold brigand (D:6)
  A scorpion (D:5)
  4 wights (D:6)
  A centaur zombie (D:6)
  2 jellies
  2 hounds
  Crazy Yiuf (D:2)
  4 bullfrog skeletons
  An orc priest (D:3)
  A centaur skeleton (D:4)
  A gnoll shaman (D:4)
  2 iguanas
  A scorpion zombie (D:5)
  3 orc wizards
  A hound skeleton (D:5)
  5 gnolls
  A howler monkey skeleton (D:6)
  4 adders
  2 white imps
  A worm (D:4)
  2 dart slugs
  26 orcs
  3 ball pythons
  3 bats
  5 endoplasms
  8 hobgoblins
  3 jackals (D:1)
  2 quokkas
  4 frilled lizards
  12 goblins
  13 kobolds
  4 rats
149 creatures vanquished.

Notes
Turn   | Place    | Note
-------+----------+-------------------------------------------
     0 | D:1      | mtoz the Minotaur Berserker began the quest for the Orb.
     0 | D:1      | Reached XP level 1. HP: 19/19 MP: 0/0
   653 | D:1      | Reached XP level 2. HP: 26/27 MP: 1/1
  1442 | D:2      | Found Jufaab's Book Shoppe.
  1983 | D:2      | Reached XP level 3. HP: 33/33 MP: 2/2
  2208 | D:2      | Found a runed translucent door.
  2209 | D:2      | Noticed Crazy Yiuf
  2553 | D:2      | Killed Crazy Yiuf
  2554 | D:2      | Reached XP level 4. HP: 41/41 MP: 3/3
  2945 | D:3      | Reached ** piety under Trog
  2949 | D:3      | Found a one-way gate to the infinite horrors of the Abyss.
  2958 | D:3      | Found a sacrificial altar of Ru.
  3037 | D:3      | Noticed a necrophage
  3099 | D:3      | Found a glowing silver altar of Zin.
  3236 | D:3      | Found a large runed translucent door.
  3236 | D:3      | Found a large runed translucent door.
  3237 | D:3      | Found a corrupted altar of Lugonu.
  3437 | D:3      | Found an ornate altar of the Wu Jian Council.
  3607 | D:3      | Found a faded altar of an unknown god.
  3806 | D:4      | Reached XP level 5. HP: 32/47 MP: 4/4
  4052 | D:4      | Reached skill level 5 in Fighting
  4052 | D:4      | Reached skill level 5 in Axes
  4311 | D:4      | Reached XP level 6. HP: 45/56 MP: 5/5
  5003 | D:5      | Entered Level 5 of the Dungeon
  5065 | D:5      | Reached skill level 5 in Armour
  5065 | D:5      | Reached XP level 7. HP: 45/62 MP: 6/6
  5221 | D:5      | Found a burning altar of Makhleb.
  5951 | D:6      | Reached skill level 5 in Dodging
  6045 | D:6      | Reached XP level 8. HP: 40/71 MP: 7/7
  6164 | D:6      | Reached *** piety under Trog
  6570 | D:6      | Found a white marble altar of Elyvilon.
  6780 | D:6      | Noticed Edmund
  6792 | D:6      | Killed Edmund
  6957 | D:6      | Reached XP level 9. HP: 53/81 MP: 8/8
  7040 | D:7      | Found a stormy altar of Qazlal.
  7136 | D:7      | Found a shimmering altar of Xom.
  7315 | D:7      | Found a staircase to the Ecumenical Temple.
  7366 | Temple   | Entered the Ecumenical Temple
  7870 | D:8      | Found a staircase to the Lair.
  7889 | D:8      | Found a flagged portal.
  7911 | Bailey   | Entered a bailey
  8003 | Bailey   | Noticed an orc knight
  8006 | Bailey   | Noticed an orc knight
  8018 | Bailey   | Killed an orc knight
  8019 | Bailey   | Reached XP level 10. HP: 34/91 MP: 9/9
  8020 | Bailey   | HP: 6/136 [orc knight (29)]
  8021 | Bailey   | Demolished by an orc knight

Illustrated notes

Levels and vault maps discovered:
D:1:      shiori_shiawase, layout_basic
D:2:      layout_loops_cross, serial_shops, nicolae_diamond_shop,
          uniq_crazy_yiuf_cottage
D:3:      due_chaos_kobolds, layout_rooms, mainiacjoe_overflow_24_doors,
          mainiacjoe_overflow_brackets, lemuel_crystal_altar,
          hellmonk_ecumenical_altar_defaced_shrine, minmay_statues_item,
          dk_noncrumbling_4, chequers_avenue
D:4:      layout_basic, hangedman_decor_peaks_small, roderic_cross_of_infinity,
          nicolae_concentric_dashed_squares_mild
D:5:      layout_basic, lightli_temple_of_fire
D:6:      layout_rooms, kennysheep_mini_moat, uniq_edmund
D:7:      layout_rooms, nicolae_overflow_crystal_walls,
          mainiacjoe_overflow_concentric_impassable, lemuel_temple_firewalk_b
D:8:      layout_basic, david_lair_generic, enter_bailey_5, st_stairs_10
Temple:   minmay_temple_curvy_branch
Bailey:   bailey_axe_minmay_hex_keep, bailey

Skill      XL: |  1  2  3  4  5  6  7  8  9 |
---------------+----------------------------+-----
Fighting       | 4 5 6 8 9 |  9.5
Axes           | 4 5 6 8 9 |  9.5
Armour         | 3 4 5 6 7 9 |  9.1
Dodging        | 3 4 5 6 8 |  8.3

Action                   |  1- 3 |  4- 6 |  7- 9 | 10-12 || total
-------------------------+-------+-------+-------+-------++-------
Melee: Hand axe          |    67 |   107 |    26 |       ||   200
       Headbutt          |     8 |    17 |    47 |     1 ||    73
       War axe           |       |       |   192 |     3 ||   195
Invok: Berserk           |     2 |     3 |     2 |       ||     7
       Trog's Hand       |       |     1 |     2 |       ||     3
  Use: Scroll            |       |     3 |     8 |       ||    11
       Potion            |       |       |     7 |       ||     7
 Stab: Sleeping          |     2 |       |       |       ||     2
       Invisible         |       |       |     3 |       ||     3
Armor: Ring mail         |     6 |    18 |       |       ||    24
       Animal skin       |     3 |       |       |       ||     3
       Chain mail        |       |    24 |   122 |       ||   146
Dodge: Dodged            |    32 |    49 |   104 |       ||   185

Table legend: (Time is in decaauts)
 A = Elapsed time spent in this place.
 B = Non-inter-level travel time spent in this place.
 C = Inter-level travel time spent in this place.
 D = Time resting spent in this place.
 E = Time spent auto-exploring this place.
 F = Levels seen in this place.
 G = Mean time per level.
                   A        B        C        D        E       F      G
               +--------+--------+--------+--------+--------+-----+--------+
         Total |   8119 |   7606 |    513 |    469 |   5780 |  10 |  811.9 |
       Dungeon |   7759 |   7250 |    509 |    469 |   5496 |   8 |  969.9 |
        Temple |    251 |    247 |      4 |      0 |    246 |   1 |  251.0 |
        Bailey |    108 |    108 |      0 |      0 |     38 |   1 |  108.0 |
               +--------+--------+--------+--------+--------+-----+--------+

Top non-repeatable levels by time:
     D:1: 1718 daAuts
     D:4: 1251 daAuts
     D:2: 1198 daAuts
     D:6: 1044 daAuts
     D:5: 952 daAuts
     D:3: 892 daAuts
     D:7: 604 daAuts
  Temple: 251 daAuts
  Bailey: 108 daAuts
     D:8: 97 daAuts
